 Dungeon Crawl Stone Soup version 0.23.2-40-g277498a001 (webtiles) character file.

Game seed: 11368786208697128991

44209 DildoBatman the Geomancer (level 14, -11/108 HPs)
             Began as a Formicid Wizard on Oct 6, 2019.
             Was an Initiate of Gozag.
             Mangled by a hell beast (17 damage)
             ... on level 6 of the Lair of Beasts on Oct 7, 2019.
             The game lasted 01:27:51 (18227 turns).

DildoBatman the Geomancer (Formicid Wizard)        Turns: 18227, Time: 01:27:52

Health: -11/108    AC:  6    Str: 13    XL:     14   Next: 64%
Magic:  4/35       EV: 14    Int: 24    God:    Gozag
Gold:   2341       SH:  5    Dex:  6    Spells: 8/30 levels left

rFire    + . .     SeeInvis +   a - +2 trident (venom)
rCold    + . .     Gourm    .   o - +0 buckler
rNeg     . . .     Faith    +   S - +0 robe "Zeveick" {rF+ Regen+ Dex-3}
rPois    .         Spirit   .   (helmet unavailable)
rElec    .         Reflect  .   (no cloak)
rCorr    .         Harm     .   (no gloves)
MR       +....                  V - +0 pair of boots
Stlth    ++........             M - amulet of faith
HPRegen  0.68/turn              J - ring of wizardry
MPRegen  0.24/turn              t - ring of magical power

@: no status effects
A: permanent stasis, dig shafts and tunnels, four strong arms, antennae 3,
yellow scales 1, blurry vision 1, cold resistance 1, strong 1, wild magic 2,
evolution 1
a: Dig, Shaft Self, Potion Petition, Call Merchant, Bribe Branch, Renounce
Religion


You were on level 6 of the Lair of Beasts.
You worshipped Gozag.
Gozag was most pleased with you.
You were not hungry.

You visited 4 branches of the dungeon, and saw 19 of its levels.

You collected 3435 gold pieces.
You spent 512 gold pieces at shops.
You paid 582 gold pieces to Gozag.

Inventory:

Hand Weapons
 a - a +2 trident of venom (weapon)
 c - a +0 hunting sling of freezing
 d - a +0 glaive of flaming
Missiles
 y - 80 sling bullets
 A - 91 bolts
 I - 2 throwing nets (quivered)
 Q - 367 arrows
Armour
 o - a +0 buckler (worn)
 S - the +0 robe "Zeveick" (worn) {rF+ Regen+ Dex-3}
   (You bought it in a shop on level 7 of the Dungeon)

   It affects your dexterity (-3).
   It protects you from fire.
   It increases your rate of regeneration.
 V - a +0 pair of boots (worn)
Jewellery
 l - an uncursed ring of wizardry
 r - an uncursed ring of ice
 t - a ring of magical power (right hand)
 J - a ring of wizardry (left hand)
 M - an amulet of faith (around neck)
 R - an uncursed amulet of the acrobat {unknown}
 U - an uncursed ring of protection from cold
 Y - an uncursed ring of positive energy
Wands
 e - a wand of clouds (1)
 D - a wand of flame (57)
 K - a wand of acid (27)
 W - a wand of scattershot (4)
Scrolls
 b - a scroll of fog
 g - 3 scrolls of immolation
 h - 2 scrolls of magic mapping
 j - 2 scrolls of amnesia
 k - 2 scrolls of enchant armour
 p - a scroll of torment {unknown}
 w - 2 scrolls of enchant weapon {unknown}
 x - 12 scrolls of remove curse
 z - 3 scrolls of identify
 H - a scroll of blinking {unknown}
 L - a scroll of summoning {unknown}
 P - 3 scrolls of fear
Potions
 f - 6 potions of lignification
 i - 2 potions of flight
 m - a potion of brilliance
 n - 7 potions of curing
 q - 2 potions of heal wounds
 E - a potion of might
 F - 2 potions of cancellation
 T - a potion of magic {unknown}
 Z - 3 potions of agility {unknown}
Comestibles
 v - 24 rations


   Skills:
 - Level 9.2 Fighting
 - Level 9.2 Armour
 - Level 7.9 Dodging
 - Level 2.4 Stealth
 - Level 9.0 Shields
 * Level 8.7 Spellcasting
 - Level 6.0 Conjurations
 - Level 4.1 Charms
   Level 1.0 Summonings
 - Level 9.0 Necromancy
   Level 0.8 Translocations
 - Level 5.6 Fire Magic
 - Level 5.0 Air Magic
 - Level 10.0 Earth Magic


You had 8 spell levels left.
You knew the following spells:

 Your Spells              Type           Power        Failure   Level  Hunger
a - Conjure Flame         Conj/Fire      ######..     2%          3    None
b - Borgnjor's Vile Clut  Necr/Erth      ######....   3%          5    ####...
c - Magic Dart            Conj           ####         1%          1    None
d - Regeneration          Chrm/Necr      ######....   1%          3    None
e - Mephitic Cloud        Conj/Pois/Air  #####...     4%          3    None
h - Dispel Undead         Necr           ######..     4%          5    ####...
z - Sublimation of Blood  Necr           ######....   1%          2    None

Your spell library contained the following spells:

 Spells                   Type           Power        Failure   Level  Hunger
 Pain                     Necr           ####         1%          1    None
 Corpse Rot               Necr           N/A          1%          2    None
 Animate Dead             Necr           N/A          2%          4    ##.....
 Agony                    Necr           ######..     4%          5    ####...
 Call Imp                 Summ           ###.....     6%          2    None
 Slow                     Hex            ###.....     8%          2    None
 Excruciating Wounds      Chrm/Necr      ######....   10%         5    ####...
 Cause Fear               Hex            ###.......   36%         4    ##.....
 Silence                  Hex/Air        #####.....   36%         5    ####...
 Deflect Missiles         Chrm/Air       ######....   61%         6    ######.
 Yara's Violent Unravell  Hex/Tmut       ###.......   65%         5    ####...
 Haunt                    Necr/Summ      ######....   96%         7    #######
 Borgnjor's Revivificati  Necr           ######....   99%         8    #######
 Infestation              Necr           ######....   99%         8    #######
 Death's Door             Chrm/Necr      ######....   100%        8    #######
 Discord                  Hex            ###.......   100%        8    #######
 Necromutation            Tmut/Necr      ######....   100%        8    #######
 Blink                    Tloc           Unusable     N/A         2    N/A

Dungeon Overview and Level Annotations

Branches:
Dungeon (11/15)            Temple (1/1) D:4            Lair (6/6) D:11
  Snake (0/4) Lair:2        Slime (0/5) Lair:6          Orc (2/2) D:11
    Elf (0/3) Orc:2
  Swamp: Lair:2-4    Shoals: Lair:2-4

Altars:
Ashenzari
Cheibriados
Dithmenos
Elyvilon
Fedhas
Gozag
Hepliaklqana
Kikubaaqudgha
Makhleb
Nemelex Xobeh
Okawaru
Qazlal
Ru
Sif Muna
Trog
Uskayaw
Vehumet
Wu Jian
Xom
Yredelemnul
Zin
The Shining One
Jiyva

Shops:
D:7 [   Orc:2 !*}!

Annotations:
Lair:6 exclusion: sensed monster (detected)
Orc:1 Jorgrun; Sonja
Orc:2 1 exclusion


Innate Abilities, Weirdness & Mutations

You cannot be hasted, slowed, berserked, paralysed or teleported.
You can dig through walls and to a lower floor.
Your four strong arms can wield two-handed weapons with a shield.
You have a pair of large antennae on your head. (SInv)
You are partially covered in yellow scales. (AC +2)
Scrolls take you a little longer to read.
Your flesh is cold resistant. (rC+)
Your muscles are strong. (Str +2)
Your spells are harder to cast, but more powerful.
You evolve.


Message History

The hell beast tramples you.
You hold your ground!
You feel much better. The hell beast bites you.
You block the hell beast's attack.
Casting: Borgnjor's Vile Clutch (safe; 3% risk of failure)
Confirm with . or Enter, or press ? or * to list all spells.
Aiming: Borgnjor's Vile Clutch (safe; 3% risk of failure)
Press: ? - help, Dir - move target cursor, f/p - hell beast
Aim: a hell beast (almost dead, poisoned) Decaying hands burst forth from the earth!
Zombie hands grab the hell beast.
The zombie hands constrict the hell beast.
You block the hell beast's attack. The hell beast tramples you!
You stumble backwards!
The zombie hands lose their grip on the hell beast.
The hell beast bites you!
You die...
Your body crumbles into a pile of gold.

######### #........
#$.8.8... $ 'h..#.8.. {
#$.#.8... { {{{#$..8.#
###############$.8.#...#
#......@2...4.'...8.8..#
#....8....8...#........
#.............#########+
#######''###### ♣♣♣
♣.....♣ ♣♣♣.. ♣♣..♣♣♣
♣♣♣.... ♣♣..♣♣♣ ♣♣...♣♣♣
♣♣♣..♣♣♣♣♣...♣♣
♣♣♣..♣♣..♣♣♣


You could see a hell beast and an orange demon.

Vanquished Creatures
  A dire elephant (Lair:6)
  An ettin (Orc:2)
  A catoblepas (Lair:6)
  5 hydras
  The ghost of KamiKatze the Cleaver, a novice DrBe of Trog (D:8)
  A centaur warrior (D:10)
  4 death yaks (Lair:6)
  An orc high priest (Orc:2)
  Nergalle (Lair:2)
  2 unseen horrors
  A wizard (Lair:6)
  4 orc sorcerers (Orc:2)
  A manticore (D:6)
  Joseph (D:7)
  3 black mambas
  4 elephants (Lair:5)
  8 spiny frogs
  13 komodo dragons
  2 rime drakes (Lair:6)
  A red devil (Lair:6)
  A polar bear (Lair:2)
  2 trolls
  10 blink frogs
  4 slime creatures (D:9)
  6 hippogriffs
  6 wyverns
  A human (D:8)
  16 yaks
  4 hogs (D:8)
  3 basilisks
  3 black mamba skeletons
  A steam dragon (D:11)
  A hungry ghost (D:10)
  4 wargs
  4 hell hounds (Lair:6)
  A naga (Lair:2)
  8 water moccasins
  7 porcupines
  3 black bears
  2 ice beasts (D:9)
  19 orc warriors
  2 spiny frog skeletons (Lair:2)
  2 sky beasts
  An elephant zombie (Lair:5)
  A phantom (D:11)
  11 wolves
  11 ogres
  7 centaurs
  A manticore skeleton (D:9)
  A blink frog skeleton (Lair:2)
  An elf skeleton (D:9)
  A dream sheep skeleton (Lair:2)
  15 crocodiles
  A big kobold (D:11)
  8 bullfrogs
  2 komodo dragon zombies
  A wyvern zombie (D:11)
  2 gnoll sergeants
  2 komodo dragon skeletons
  A water moccasin skeleton (Lair:6)
  4 scorpions
  The ghost of FishyPogo the Grave Robber, a weakling DDNe (D:4)
  3 killer bees (D:7)
  4 wights (D:7)
  2 electric eels
  2 howler monkeys (D:10)
  A centaur zombie (D:9)
  3 crimson imps
  2 bullfrog zombies
  3 bullfrog skeletons
  25 orc priests
  9 hounds
  40 orc wizards
  5 iguanas
  6 worker ants
  A porcupine skeleton (Lair:5)
  A crocodile zombie (Lair:1)
  An ogre zombie (Orc:2)
  A crocodile skeleton (Lair:5)
  2 ogre skeletons (Orc:2)
  A hound zombie (D:4)
  3 hound skeletons
  A howler monkey zombie (D:9)
  A worker ant zombie (D:9)
  7 gnolls
  A howler monkey skeleton (D:9)
  8 adders
  A shadow imp (D:7)
  An ooze (D:3)
  A worm zombie (D:8)
  3 orc zombies (Orc:2)
  2 adder zombies
  2 dart slugs
  11 leopard geckos
  79 orcs
  3 giant cockroaches
  8 goblins
  12 hobgoblins
  19 jackals
  12 kobolds
  2 quokkas
  4 ball pythons
  7 bats
  6 frilled lizards
  9 rats
  7 fungi
  5 plants
565 creatures vanquished.

Vanquished Creatures (others)
  A crimson imp (D:6)
  4 bushes
  2 fungi
  2 plants (D:8)
9 creatures vanquished.

Grand Total: 574 creatures vanquished

Notes
Turn   | Place    | Note
-------+----------+-------------------------------------------
     0 | D:1      | DildoBatman the Formicid Wizard began the quest for the
                  | Orb.
     0 | D:1      | Reached XP level 1. HP: 13/13 MP: 4/4
    33 | D:1      | Reached skill level 1 in Conjurations
   302 | D:1      | Reached XP level 2. HP: 5/19 MP: 0/6
   792 | D:1      | Reached XP level 3. HP: 24/24 MP: 4/7
   797 | D:1      | Learned a level 3 spell: Conjure Flame
   801 | D:1      | Learned a level 3 spell: Mephitic Cloud
  1027 | D:2      | Found a basalt altar of Yredelemnul.
  1312 | D:2      | Reached skill level 1 in Shields
  1554 | D:2      | Reached XP level 4. HP: 30/30 MP: 3/8
  2531 | D:3      | Reached XP level 5. HP: 35/35 MP: 0/9
  3302 | D:4      | Found a snail-covered altar of Cheibriados.
  3340 | D:4      | Found a runed translucent door.
  3359 | D:4      | Noticed FishyPogo's ghost (weakling DDNe)
  3456 | D:4      | Found a shimmering altar of Xom.
  3522 | D:4      | Reached XP level 6. HP: 32/41 MP: 5/10
  3683 | D:4      | Found a staircase to the Ecumenical Temple.
  3692 | Temple   | Entered the Ecumenical Temple
  3879 | Temple   | Became a worshipper of Kikubaaqudgha
  4015 | D:4      | Reached skill level 5 in Conjurations
  4151 | D:5      | Entered Level 5 of the Dungeon
  4259 | D:5      | Reached XP level 7. HP: 29/46 MP: 2/11
  4597 | D:5      | Found a radiant altar of Vehumet.
  4913 | D:6      | Reached skill level 1 in Fire Magic
  4913 | D:6      | Reached skill level 1 in Air Magic
  5129 | D:6      | Reached * piety under Kikubaaqudgha
  5129 | D:6      | Identified Kikubaaqudgha's Guide on Stolen Souls
                  | (Kikubaaqudgha gifted it to you on level 6 of the Dungeon)
  5129 | D:6      | Received a gift from Kikubaaqudgha
  5137 | D:6      | Learned a level 2 spell: Sublimation of Blood
  5141 | D:6      | Learned a level 3 spell: Regeneration
  5210 | D:6      | Reached XP level 8. HP: 51/52 MP: 4/12
  5368 | D:6      | Got a bloodstained leather armour
  5379 | D:6      | Identified the +1 leather armour of the Evening Star {-Cast
                  | *Corrode +Blink rPois} (You found it on level 6 of the
                  | Dungeon)
  5390 | D:6      | Found a white marble altar of Elyvilon.
  5570 | D:6      | Found a shadowy altar of Dithmenos.
  5660 | D:6      | Noticed a manticore
  5666 | D:6      | Noticed a hippogriff
  5680 | D:6      | Killed a hippogriff
  5718 | D:6      | Killed a manticore
  5718 | D:6      | Reached skill level 5 in Fire Magic
  5718 | D:6      | Reached XP level 9. HP: 28/57 MP: 1/13
  5838 | D:7      | Found a shattered altar of Ashenzari.
  5846 | D:7      | Found a sacrificial altar of Ru.
  5925 | D:7      | Reached skill level 1 in Charms
  5925 | D:7      | Reached skill level 1 in Necromancy
  5925 | D:7      | Reached skill level 5 in Air Magic
  6191 | D:7      | Found Kaaraxeur's Armour Shop.
  6199 | D:7      | Bought the +0 robe "Zeveick" {rF+ Regen+ Dex-3} for 92 gold
                  | pieces
  6334 | D:7      | Reached ** piety under Kikubaaqudgha
  6574 | D:7      | Noticed Joseph
  6605 | D:7      | Killed Joseph
  6841 | D:8      | Reached XP level 10. HP: 63/63 MP: 16/16
  6945 | D:8      | Found a runed translucent gate.
  6945 | D:8      | Found a runed translucent gate.
  6945 | D:8      | Found a runed translucent gate.
  6946 | D:8      | Noticed KamiKatze's ghost (novice DrBe)
  6946 | D:8      | Noticed a nine-headed hydra
  6947 | D:8      | Noticed a ten-headed hydra
  7005 | D:8      | Reached skill level 5 in Necromancy
  7248 | D:8      | Found a blossoming altar of Fedhas.
  7248 | D:8      | Noticed an unseen horror
  7282 | D:8      | Killed an unseen horror
  7440 | D:8      | Reached *** piety under Kikubaaqudgha
  7440 | D:8      | Identified Kikubaaqudgha's Grimoire of Evil Rites
                  | (Kikubaaqudgha gifted it to you on level 8 of the Dungeon)
  7440 | D:8      | Received a gift from Kikubaaqudgha
  7738 | D:8      | Learned a level 5 spell: Dispel Undead
  7931 | D:8      | Learned a level 5 spell: Borgnjor's Vile Clutch
  7980 | D:9      | Found a glowing silver altar of Zin.
  8027 | D:9      | Reached skill level 1 in Earth Magic
  8035 | D:9      | Found Ruptarac's Gadget Emporium.
  8157 | D:9      | Gained mutation: You are partially covered in yellow
                  | scales. (AC +2) [potion of mutation]
  8157 | D:9      | Gained mutation: Scrolls take you a little longer to read.
                  | [potion of mutation]
  8157 | D:9      | Gained mutation: You evolve. [potion of mutation]
  8157 | D:9      | Gained mutation: You are agile. (Dex +2) [potion of
                  | mutation]
  8229 | D:9      | Reached skill level 2 in Earth Magic
  8334 | D:9      | Reached skill level 3 in Earth Magic
  8334 | D:9      | Reached XP level 11. HP: 65/69 MP: 10/21
  8477 | D:9      | Reached skill level 4 in Earth Magic
  8548 | D:9      | Found a bloodstained altar of Trog.
  8586 | D:9      | Found an iron altar of Okawaru.
  8611 | D:9      | Reached **** piety under Kikubaaqudgha
  8798 | D:10     | Entered Level 10 of the Dungeon
  8916 | D:10     | Found a shimmering altar of Xom.
  8979 | D:10     | Noticed a centaur warrior
  8991 | D:10     | Killed a centaur warrior
  8991 | D:10     | Reached skill level 5 in Earth Magic
  9098 | D:10     | Reached skill level 6 in Earth Magic
  9239 | D:10     | Gained mutation: Your spells are a little harder to cast,
                  | but a little more powerful. [evolution]
  9979 | D:11     | Found a white marble altar of Elyvilon.
 10008 | D:11     | Reached skill level 7 in Earth Magic
 10132 | D:11     | Reached ***** piety under Kikubaaqudgha
 10277 | D:11     | Reached skill level 8 in Earth Magic
 10413 | D:11     | Noticed an unseen horror
 10423 | D:11     | Killed an unseen horror
 10526 | D:11     | Reached skill level 9 in Earth Magic
 10552 | D:11     | Found a staircase to the Orcish Mines.
 10851 | D:11     | Reached skill level 10 in Earth Magic
 10881 | D:11     | Found a staircase to the Lair.
 11024 | D:11     | Lost mutation: You are agile. (Dex +2) [evolution]
 11060 | Orc:1    | Entered Level 1 of the Orcish Mines
 11073 | Orc:1    | Reached XP level 12. HP: 75/75 MP: 22/22
 11523 | Orc:1    | Reached skill level 1 in Fighting
 11523 | Orc:1    | Reached skill level 1 in Armour
 11660 | Orc:2    | Entered Level 2 of the Orcish Mines
 11782 | Orc:1    | Noticed Jorgrun
 11782 | Orc:1    | Noticed Sonja
 11829 | Orc:2    | Noticed an ettin
 11836 | Orc:2    | Killed an ettin
 12092 | Orc:2    | Noticed a sun demon
 12225 | Orc:2    | Gained mutation: Your spells are harder to cast, but more
                  | powerful. [evolution]
 12241 | Orc:2    | Reached skill level 5 in Shields
 12337 | Orc:2    | Noticed an orc high priest
 12360 | Orc:2    | Killed an orc high priest
 12424 | Orc:2    | Reached ****** piety under Kikubaaqudgha
 12452 | Orc:1    | Received a gift from Kikubaaqudgha
 12481 | Orc:1    | Fell from the grace of Kikubaaqudgha
 12696 | Temple   | Became a worshipper of Gozag Ym Sagoz the Greedy
 12771 | D:4      | Killed FishyPogo's ghost
 12877 | D:7      | Noticed a reaper
 12943 | D:8      | Killed an eight-headed hydra
 12948 | D:8      | Killed a ten-headed hydra
 12950 | D:8      | Killed KamiKatze's ghost
 12950 | D:8      | Reached skill level 5 in Fighting
 12950 | D:8      | Reached skill level 5 in Armour
 13068 | D:9      | HP: 4/86 [poison (dark miasma)]
 13073 | D:9      | HP: 3/86 [poison (dark miasma)]
 13079 | D:9      | HP: 3/86 [poison (dark miasma)]
 13314 | Orc:2    | Reached XP level 13. HP: 84/91 MP: 21/23
 13564 | Orc:2    | Found a staircase to the Elven Halls.
 13687 | Orc:2    | Found Cuod's Gadget Shop.
 13687 | Orc:2    | Found Paischov's Distillery.
 13688 | Orc:2    | Found Fanouh's General Store.
 13691 | Orc:2    | Found Deaso's Distillery.
 13705 | Orc:2    | Bought a scroll of magic mapping for 38 gold pieces
 13705 | Orc:2    | Bought a scroll of fog for 22 gold pieces
 13805 | Orc:2    | Bought a potion of curing for 33 gold pieces
 13805 | Orc:2    | Bought a throwing net for 33 gold pieces
 13805 | Orc:2    | Bought a scroll of identify for 22 gold pieces
 13806 | Orc:2    | Bought a potion of curing for 48 gold pieces
 13806 | Orc:2    | Bought a potion of curing for 48 gold pieces
 13806 | Orc:2    | Bought a potion of curing for 48 gold pieces
 13806 | Orc:2    | Bought a potion of heal wounds for 80 gold pieces
 13806 | Orc:2    | Bought a potion of flight for 48 gold pieces
 14089 | Lair:1   | Entered Level 1 of the Lair of Beasts
 14208 | Lair:1   | Reached skill level 5 in Dodging
 14966 | Lair:2   | Gained mutation: Your muscles are strong. (Str +2)
                  | [evolution]
 15039 | Lair:2   | Found a staircase to the Snake Pit.
 15328 | Lair:2   | Noticed Nergalle
 15355 | Lair:2   | Killed Nergalle
 15977 | Lair:3   | Noticed a seven-headed hydra
 15988 | Lair:3   | Killed a seven-headed hydra
 16228 | Lair:3   | You fall through a shaft for 3 floors!
 16228 | Lair:6   | Entered Level 6 of the Lair of Beasts
 16252 | Lair:6   | Noticed a seven-headed hydra
 16265 | Lair:6   | Killed a seven-headed hydra
 16362 | Lair:6   | Noticed an eight-headed hydra
 16378 | Lair:6   | Killed an eight-headed hydra
 16482 | Lair:6   | Reached XP level 14. HP: 78/104 MP: 8/24
 16899 | Lair:6   | Found a viscous altar of Jiyva.
 16899 | Lair:6   | Found a staircase to the Slime Pits.
 17009 | Lair:6   | Noticed a dire elephant
 17042 | Lair:6   | Killed a dire elephant
 17659 | Lair:5   | Was forgiven by Kikubaaqudgha
 17795 | Lair:5   | Gained mutation: Your flesh is cold resistant. (rC+)
                  | [evolution]
 18131 | Lair:5   | You fall through a shaft!
 18225 | Lair:6   | HP: 2/106 [hell beast (11)]
 18227 | Lair:6   | Mangled by a hell beast

Skill      XL: |  1  2  3  4  5  6  7  8  9 10 11 12 13 14 |
---------------+-------------------------------------------+-----
Conjurations   | 1 2 3 4 5 6 |  6.0
Shields        | 1 2 6 9 |  9.0
Fire Magic     | 2 5 |  5.6
Air Magic      | 2 4 5 |  5.0
Charms         | 4 |  4.1
Necromancy     | 4 7 9 |  9.0
Spellcasting   | 4 7 8 |  8.7
Earth Magic    | 3 10 | 10.0
Dodging        | 4 6 7 |  7.9
Fighting       | 5 7 9 |  9.2
Armour         | 5 8 9 |  9.2
Stealth        | |  2.4
Summonings     | |  1.0
Translocations | |  0.8

Action                   |  1- 3 |  4- 6 |  7- 9 | 10-12 | 13-15 || total
-------------------------+-------+-------+-------+-------+-------++-------
Melee: Club              |     9 |    66 |       |       |       ||    75
       Unarmed           |     4 |       |       |       |       ||     4
       Dagger            |       |    46 |    37 |    10 |       ||    93
       Hand axe          |       |       |    99 |   117 |       ||   216
       Mace              |       |       |     5 |    19 |       ||    24
       Trident           |       |       |       |   296 |   489 ||   785
       Glaive            |       |       |       |     2 |       ||     2
 Fire: Hunting sling     |       |       |    54 |       |       ||    54
Throw: Stone             |       |       |       |     1 |       ||     1
 Cast: Magic Dart        |    81 |   128 |    42 |     9 |    41 ||   301
       Mephitic Cloud    |       |     7 |    18 |    40 |    38 ||   103
       Conjure Flame     |       |     3 |    24 |    51 |    64 ||   142
       Regeneration      |       |       |     1 |    54 |    32 ||    87
       Sublimation of Bl |       |       |       |    52 |    23 ||    75
       Borgnjor's Vile C |       |       |       |   104 |    61 ||   165
       Dispel Undead     |       |       |       |     8 |     2 ||    10
Invok: Receive Necronomi |       |       |       |     1 |       ||     1
       Renounce Religion |       |       |       |     1 |       ||     1
 Abil: Dig               |       |     3 |    15 |    22 |    20 ||    60
Evoke: Wand              |       |       |     3 |     8 |       ||    11
  Use: Scroll            |       |       |    14 |     7 |       ||    21
       Potion            |       |       |       |     7 |     2 ||     9
 Stab: Confused          |       |     3 |     2 |    11 |     8 ||    24
       Sleeping          |       |       |       |     1 |       ||     1
       Distracted        |       |       |       |       |     1 ||     1
  Eat: Chunk             |     2 |     9 |    13 |    51 |       ||    75
       Ration            |       |       |       |     3 |    10 ||    13
Armor: Robe              |    12 |    27 |    17 |    55 |    41 ||   152
       Leather armour    |       |       |     4 |       |       ||     4
Dodge: Dodged            |    32 |    82 |    88 |   205 |   157 ||   564
Block: Buckler           |       |    22 |    34 |    51 |    67 ||   174
